 Dungeon Crawl Stone Soup version 0.26-a0-1205-g4083c211ab (webtiles) character file.

Game seed: 12639876795460132521

64985 melloss the Unseen (level 14, 0/77 HPs)
             Began as a Spriggan Enchanter on Dec 28, 2020.
             Was the Champion of Dithmenos.
             Slain by a skeletal warrior
             ... wielding a +0 glaive
             ... led by a death knight
              (29 damage)
             ... on level 13 of the Dungeon on Dec 29, 2020.
             The game lasted 02:24:28 (32801 turns).

melloss the Unseen (Spriggan Enchanter)            Turns: 32801, Time: 02:24:28

Health: 0/77       AC:  9    Str:  4      XL:     14   Next: 73%
Magic:  29/29      EV: 31    Int: 24 (25) God:    Dithmenos [******]
Gold:   592        SH:  0    Dex: 18 (19) Spells: 29/34 levels left

rFire    + . .     SeeInvis +   b - +2 scimitar (holy)
rCold    . . .     Faith    +   (shield restricted)
rNeg     . . .     Spirit   .   F - +2 robe {rF+}
rPois    .         Reflect  .   S - +2 hat
rElec    .         Harm     .   Q - +2 cloak
rCorr    .         Rampage  .   (gloves unavailable)
Will     ++...                  (boots unavailable) Stlth **++++++++
                                W - amulet of faith
HPRegen  0.22/turn              X - +6 ring of intelligence
MPRegen  0.21/turn              M - ring of wizardry

@: wreathed by umbra, studying Bows, very quick
A: very small, unfitting armour, see invisible, speed 3
a: Renounce Religion, Shadow Step, Shadow Form


You were on level 13 of the Dungeon.
You worshipped Dithmenos.
Dithmenos was exalted by your worship.
You visited 3 branches of the dungeon, and saw 21 of its levels.

You collected 1528 gold pieces.
You spent 936 gold pieces at shops.

Inventory:

Hand Weapons
 a - a +2 dagger of venom
 b - a +2 scimitar of holy wrath (weapon)
 p - a +2 short sword of venom
 D - a +0 rapier of flaming
 E - a +3 scimitar of flaming
 H - a +2 vampiric dagger
 J - a +2 long sword of draining
 L - a +2 dagger of electrocution
 N - a +2 dagger of speed
 U - a +2 vorpal long sword
Missiles
 n - 66 poisoned darts (quivered)
Armour
 F - a +2 robe of fire resistance (worn)
 Q - a +2 cloak (worn)
 S - a +2 hat (worn)
Jewellery
 A - an uncursed ring of protection from fire
 M - a ring of wizardry (right hand)
 W - an amulet of faith (around neck)
 X - a +6 ring of intelligence (left hand)
 Y - a +6 ring of strength
Wands
 c - a wand of acid (4)
 j - a wand of iceblast (8)
 y - a wand of paralysis (24)
 K - a wand of disintegration (14)
 O - a wand of digging (3)
Scrolls
 f - 3 scrolls of immolation
 h - 3 scrolls of teleportation
 k - 2 scrolls of fear
 o - 7 scrolls of remove curse
 q - 2 scrolls of blinking
 r - 3 scrolls of enchant armour
 u - a scroll of noise {unknown}
 x - a scroll of amnesia
 C - a scroll of brand weapon
 G - a scroll of silence
 P - 2 scrolls of summoning
 R - a scroll of magic mapping
Potions
 d - 5 potions of lignification
 e - 2 potions of invisibility
 g - 9 potions of curing
 i - 2 potions of mutation {unknown}
 l - a potion of flight {unknown}
 m - 4 potions of haste
 s - 3 potions of resistance {unknown}
 t - a potion of ambrosia {unknown}
 v - 6 potions of brilliance
 w - a potion of cancellation
 z - a potion of berserk rage {unknown}
 B - a potion of might {unknown}
 V - 3 potions of attraction {unknown}
Books
 I - a manual of Bows
Miscellaneous
 T - a phial of floods


   Skills:
 - Level 10.0 Fighting
 - Level 10.0 Short Blades
 - Level 15.0 Dodging
 + Level 15.4 Stealth
 - Level 10.8 Spellcasting
 + Level 4.5 Conjurations
 - Level 10.0 Hexes
 + Level 2.1 Fire Magic
 - Level 8.1 Ice Magic


You had 29 spell levels left.
You knew the following spells:

 Your Spells              Type           Power        Failure   Level
a - Corona                Hex            63%          1%          1
b - Ensorcelled Hibernat  Hex/Ice        100%         1%          2
c - Foxfire               Conj/Fire      100%         1%          1
d - Magic Dart            Conj           100%         1%          1

Your spell library contained the following spells:

 Spells                   Type           Power        Failure   Level
 Animate Skeleton         Necr           26%          1%          1
 Apportation              Tloc           26%          1%          1
 Summon Small Mammal      Summ           52%          1%          1
 Slow                     Hex            57%          1%          2
 Confusing Touch          Hex            57%          1%          3
 Conjure Flame            Conj/Fire      29%          1%          3
 Dazzling Flash           Conj/Hex       96%          1%          3
 Inner Flame              Hex/Fire       42%          1%          3
 Tukima's Dance           Hex            57%          1%          3
 Blink                    Tloc           N/A          3%          2
 Call Imp                 Summ           13%          3%          2
 Mephitic Cloud           Conj/Pois/Air  20%          3%          3
 Sticky Flame             Conj/Fire      29%          4%          4
 Fireball                 Conj/Fire      14%          14%         5
 Malign Gateway           Summ/Tloc      6%           100%        7
 Monstrous Menagerie      Summ           6%           100%        7
 Summon Greater Demon     Summ           6%           100%        7
 Summon Horrible Things   Summ           6%           100%        8


Dungeon Overview and Level Annotations

Branches:
Dungeon (14/15)            Temple (1/1) D:4            Lair (6/6) D:8
 Shoals (0/4) Lair:4       Spider (0/4) Lair:2        Slime (0/5) Lair:5
    Orc (0/2) D:10         Vaults (0/5) D:13

Altars:
Ashenzari
Cheibriados
Dithmenos
Elyvilon
Fedhas
Gozag
Hepliaklqana
Kikubaaqudgha
Makhleb
Nemelex Xobeh
Okawaru
Qazlal
Ru
Sif Muna
Trog
Uskayaw
Vehumet
Wu Jian
Xom
Yredelemnul
Zin
The Shining One

Shops:
D:5 }   D:11 =   D:14 [

Annotations:
D:2 exclusion: oklob plant
D:13 Azrael; Rupert
Lair:3 1 runed translucent door, exclusions: oklob plant and orange crystal statue, Touxtiodd's ghost, journeyman MfGl
Lair:5 1 runed translucent door, Caath's ghost, journeyman DrFi


Innate Abilities, Weirdness & Mutations

You are very small and have problems with some larger weapons.
You are too small for most types of armour.
You have supernaturally acute eyesight. (SInv)
You cover ground extremely quickly.


Message History

You emit a cloud of dark smoke.
The freezing wraith completely misses you.
The freezing wraith barely misses you.
You riposte.
You hit the freezing wraith but do no damage.
The freezing wraith misses you.
You closely miss the skeletal warrior.
Your shadow hits the skeletal warrior with a scimitar.
The skeletal warrior completely misses you.
The freezing wraith misses you.
You riposte.
You barely miss the freezing wraith. The freezing wraith misses you.
You hit the skeletal warrior.
The skeletal warrior convulses.
The skeletal warrior is lightly damaged.
The skeletal warrior barely misses you.
You riposte.
You hit the skeletal warrior but do no damage.
The skeletal warrior is lightly damaged.
The freezing wraith misses you.
You riposte.
You hit the freezing wraith but do no damage.
The freezing wraith closely misses you.
The skeletal warrior hits you from afar with a +0 glaive!!
You die...

#.# #....# #.....#
#.######....####...[.#
#...........'........#
######.#....####.....#
####.#....# #.....#
#.......### #.##'###
#...÷.[.# #.##.#..
#§§§)...# #.##.#.#
#§§§@...# #.##.#.#
#§z§....######......#
#§§W................#
******####'###..≈....≈.....
*,,,,,,,,#.# *..≈≈≈≈≈≈....#
*,******,#.# *...≈≈≈≈≈..#..
*,* *,#.# *...≈≈≈≈≈..#.#
*,* *,#.# *...≈≈≈≈≈≈.#.#
*,* *,#.# *....≈≈≈.≈.#.#


You could see a skeletal warrior and a freezing wraith.

Vanquished Creatures
  4 dire elephants (Lair:6)
  2 boulder beetles
  5 hydras
  Harold (D:10)
  The ghost of OhItsWolfy the Basher, a novice MiFi of Okawaru (D:10)
  Erica (D:7)
  An anaconda (Lair:6)
  A centaur warrior (D:13)
  3 two-headed ogres
  Urug (D:10)
  2 unseen horrors
  A wizard (D:13)
  A swamp dragon (Lair:4)
  An orc knight (D:13)
  A lindwurm (Lair:6)
  Pikel (D:8)
  2 deep elf magi
  3 ugly things
  A manticore (D:12)
  14 elephants
  4 black mambas
  Joseph (D:9)
  A torpor snail (Lair:6)
  A gargoyle (D:12)
  13 cane toads
  A kobold demonologist (D:12)
  6 komodo dragons
  4 rime drakes
  2 tengu conjurers (D:13)
  3 polar bears
  3 trolls (D:10)
  A hornet (D:7)
  4 slime creatures (D:12)
  20 blink frogs
  9 spriggans (Lair:2)
  4 centaur simulacra (D:13)
  3 wyverns
  Eustachio (D:6)
  16 humans (D:13)
  6 basilisks
  52 yaks
  A warg (D:10)
  21 water moccasins
  2 acid dragons (D:12)
  2 sky beasts
  5 orc warriors
  An ice beast (D:13)
  An eye of draining (D:10)
  A phantom (D:10)
  2 black bears
  A necrophage (D:5)
  9 centaurs
  17 wolves
  5 ogres
  A big kobold (D:9)
  20 bullfrogs
  A water moccasin skeleton (D:4)
  5 scorpions
  18 killer bees
  5 wights (D:13)
  4 howler monkeys
  2 electric eels
  4 centaur zombies
  A quasit (D:11)
  5 hounds
  7 orc priests
  2 bullfrog zombies
  6 jellies
  3 bullfrog skeletons
  6 centaur skeletons
  16 orc wizards
  5 iguanas
  10 worker ants
  4 hell rats (Lair:4)
  A killer bee zombie (D:10)
  3 bullfrog simulacra (D:13)
  3 hound zombies
  3 hound skeletons
  A howler monkey skeleton (D:5)
  7 gnolls
  12 adders
  4 shadow imps
  2 white imps
  4 ufetubi
  4 oozes (Lair:5)
  2 worms
  2 adder skeletons
  An adder zombie (D:6)
  2 leopard geckos
  32 orcs
  2 ball pythons
  10 bats
  3 giant cockroaches
  18 goblins
  3 hobgoblins
  9 jackals
  6 quokkas
  5 frilled lizards
  2 jackal skeletons
  17 kobolds
  A quokka zombie (D:7)
  2 rats
  A spectral orc (D:9)
557 creatures vanquished.

Vanquished Creatures (others)
  2 elephants (Lair:5)
  A hell hound (D:13)
  An orc wizard (D:7)
  A white imp (D:13)
  22 fungi
  25 plants
  17 toadstools
69 creatures vanquished.

Grand Total: 626 creatures vanquished

Notes
Turn   | Place    | Note
-------+----------+-------------------------------------------
     0 | D:1      | melloss the Spriggan Enchanter began the quest for the Orb.
     0 | D:1      | Reached XP level 1. HP: 9/9 MP: 5/5
   393 | D:1      | Reached XP level 2. HP: 4/13 MP: 6/6
   396 | D:1      | Learned a level 2 spell: Ensorcelled Hibernation
   767 | D:1      | Reached skill level 5 in Stealth
  1031 | D:2      | Found a blossoming altar of Fedhas.
  1509 | D:2      | Reached XP level 3. HP: 16/16 MP: 8/8
  2321 | D:2      | Noticed an oklob plant
  2397 | D:3      | Found a white marble altar of Elyvilon.
  2436 | D:3      | Reached XP level 4. HP: 12/21 MP: 9/9
  2840 | D:3      | Found an ornate altar of the Wu Jian Council.
  4529 | D:4      | Reached XP level 5. HP: 7/24 MP: 10/10
  5069 | D:4      | Found a shadowy altar of Dithmenos.
  5072 | D:4      | Became a worshipper of Dithmenos the Shadowed
  5075 | D:4      | Found a staircase to the Ecumenical Temple.
  5298 | D:4      | Noticed a phantom
  6012 | Temple   | Entered the Ecumenical Temple
  6226 | D:5      | Entered Level 5 of the Dungeon
  6242 | D:5      | Reached XP level 6. HP: 28/28 MP: 11/11
  6262 | D:5      | Reached skill level 5 in Short Blades
  6262 | D:5      | Reached skill level 1 in Ice Magic
  6538 | D:5      | Reached * piety under Dithmenos
  6865 | D:5      | Reached XP level 7. HP: 32/32 MP: 13/13
  7378 | D:5      | Found Jeplic's Gadget Boutique.
  7411 | D:5      | Found a radiant altar of Vehumet.
  7412 | D:5      | Found a shadowy altar of Dithmenos.
  7413 | D:5      | Found a shimmering blue altar of Sif Muna.
  7414 | D:5      | Found a sacrificial altar of Ru.
  7870 | D:6      | Reached skill level 5 in Hexes
  8007 | D:6      | Reached skill level 1 in Fighting
  8174 | D:6      | Noticed Eustachio
  8181 | D:6      | Killed Eustachio
  8182 | D:6      | Reached XP level 8. HP: 37/37 MP: 15/15
  8906 | D:7      | Reached skill level 5 in Dodging
  9290 | D:7      | Noticed a hornet
  9294 | D:7      | Killed a hornet
  9531 | D:7      | Reached ** piety under Dithmenos
 10046 | D:7      | Reached XP level 9. HP: 18/44 MP: 16/16
 10531 | D:8      | Noticed Erica
 10544 | D:7      | Killed Erica
 10728 | D:8      | Noticed Pikel
 10733 | D:8      | Killed Pikel
 11087 | D:7      | Reached skill level 10 in Stealth
 11786 | D:8      | Found a staircase to the Lair.
 11939 | D:8      | Reached XP level 10. HP: 33/49 MP: 10/17
 12172 | D:8      | Found a hazy altar of Hepliaklqana.
 12285 | D:8      | Found a stormy altar of Qazlal.
 12339 | D:9      | Noticed a two-headed ogre
 12351 | D:9      | Killed a two-headed ogre
 12632 | D:9      | Reached *** piety under Dithmenos
 13092 | D:9      | Found a basalt altar of Yredelemnul.
 13482 | D:9      | Noticed Joseph
 13488 | D:9      | Killed Joseph
 13489 | D:9      | Reached skill level 5 in Spellcasting
 13553 | D:10     | Entered Level 10 of the Dungeon
 13553 | D:10     | Noticed a two-headed ogre
 13561 | D:9      | Killed a two-headed ogre
 13819 | D:10     | Reached skill level 5 in Fighting
 14603 | D:10     | Reached **** piety under Dithmenos
 14606 | D:10     | Reached XP level 11. HP: 56/56 MP: 14/21
 14681 | D:10     | Noticed a boulder beetle
 15265 | D:10     | Noticed a deep elf mage
 15283 | D:10     | Killed a deep elf mage
 15399 | D:10     | Found a staircase to the Orcish Mines.
 15578 | D:10     | Noticed Harold
 15588 | D:10     | Noticed Urug
 15618 | D:10     | Killed Harold
 16355 | D:10     | Reached skill level 10 in Hexes
 16369 | D:10     | Killed Urug
 17026 | D:10     | Reached skill level 10 in Short Blades
 17112 | D:10     | Killed a boulder beetle
 17380 | D:10     | Found a runed translucent door.
 17380 | D:10     | Noticed OhItsWolfy's ghost (novice MiFi)
 17665 | D:11     | Noticed an unseen horror
 17698 | D:11     | Killed an unseen horror
 17699 | D:11     | Reached skill level 10 in Dodging
 17988 | D:11     | Reached ***** piety under Dithmenos
 17997 | D:11     | Found Reucor's Jewellery Shoppe.
 18042 | D:11     | Learned a level 1 spell: Foxfire
 18732 | D:11     | Noticed a two-headed ogre
 18739 | D:11     | Killed a two-headed ogre
 18751 | D:11     | Noticed a brown ugly thing
 18757 | D:11     | Killed a brown ugly thing
 18758 | D:11     | Reached XP level 12. HP: 61/61 MP: 22/22
 19512 | Lair:1   | Entered Level 1 of the Lair of Beasts
 19690 | Lair:1   | Noticed an eight-headed hydra
 19697 | Lair:1   | Killed an eight-headed hydra
 19835 | Lair:1   | Reached skill level 15 in Stealth
 20358 | Lair:2   | Reached skill level 5 in Ice Magic
 20575 | D:11     | Bought a +6 ring of intelligence for 936 gold pieces
 21053 | Lair:2   | Found a hole to the Spider Nest.
 21424 | Lair:2   | Reached skill level 15 in Dodging
 21444 | Lair:2   | Reached XP level 13. HP: 56/66 MP: 18/24
 21667 | Lair:2   | Reached ****** piety under Dithmenos
 22477 | Lair:3   | Found a runed translucent door.
 22480 | Lair:3   | Noticed Touxtiodd's ghost (journeyman MfGl)
 23068 | Lair:4   | Learned a level 1 spell: Magic Dart
 23099 | Lair:4   | Found a staircase to the Shoals.
 24147 | Lair:5   | Found a runed translucent door.
 24148 | Lair:5   | Noticed Caath's ghost (journeyman DrFi)
 24150 | Lair:5   | Identified the +2 spear of False Accusations {holy, rC+
                  | Int+7}
 24253 | Lair:5   | Reached skill level 1 in Conjurations
 24453 | Lair:5   | Found a staircase to the Slime Pits.
 25400 | Lair:6   | Entered Level 6 of the Lair of Beasts
 26059 | Lair:6   | Found a dark tunnel.
 26070 | Lair:6   | Reached XP level 14. HP: 74/74 MP: 28/28
 26334 | Lair:6   | Reached skill level 10 in Spellcasting
 28811 | D:10     | Killed OhItsWolfy's ghost
 30305 | D:13     | Found a gate to the Vaults.
 30305 | D:13     | Noticed Rupert
 30620 | D:13     | HP: 3/76 [electric eel/bolt of electricity (11)]
 31019 | D:13     | Reached skill level 10 in Fighting
 31190 | D:14     | Found Hun Lit's Antique Armour Boutique.
 31510 | D:13     | Reached skill level 1 in Fire Magic
 32046 | D:13     | Noticed Azrael
 32596 | D:12     | Upgraded the game from 0.26-a0-1191-ge2a0e31ab3 to
                  | 0.26-a0-1205-g4083c211ab
 32801 | D:13     | Slain by a skeletal warrior

Illustrated notes

Levels and vault maps discovered:
D:1:      wander_arrival_peaceful_grave, layout_basic
D:2:      layout_basic, tgw_fedhas, grunt_decor_clamped
D:3:      layout_loops_corners, nzn_wu_jian_contemplation,
          nicolae_overflow_crystal_walls
D:4:      layout_basic, temple_statues, grunt_dithmenos_smoke_and_mirrors
D:5:      cheibrodos_helix_gallery, layout_loops_ring,
          chequers_temple_overflow_statue_of_worship, serial_shops,
          nicolae_shop_statue_plus
D:6:      layout_loops_ring, small_statue_alley_b, uniq_eustachio
D:7:      layout_loops_ring, minmay_gold_behind_fungi
D:8:      layout_cave_pools, nzn_hepliaklqana_mist_gate,
          lemuel_coloured_pillars_altar, lair_entry_dummy, minmay_bent,
          uniq_pikel, uniq_erica
D:9:      layout_loops_ring, yredelemnul_forgotten_temple_becter, hex_tiny,
          evilmike_butchery, uniq_joseph
D:10:     cheibrodos_fzero, layout_cave_pods, david_orc_3,
          gammafunk_ghost_grave, uniq_harold, uniq_urug
D:11:     layout_loops_corners, serial_shops, nicolae_shop_trees
D:12:     layout_cave_pools
D:13:     layout_basic, david_vaults_3, serial_ice, serial_ice_b, serial_ice_f,
          serial_ice_j, serial_ice_g, serial_ice_d, serial_ice_m, serial_ice_h,
          serial_ice_a, roderic_serpentine_path, uniq_azrael
D:14:     layout_big_octagon, serial_shops, shop, kennysheep_mini_moat, shop
Temple:   minmay_temple_bridge_abc
Lair:1:   layout_gridlike, infiniplex_staircase_pool
Lair:2:   kb_forest_paths, layout_regular_city, spider_nest_entry_funnel_web,
          nicolae_quartered_pool_medium
Lair:3:   layout_hall_layers, hellmonk_ghost_happy_afterlife, disabler_island,
          minmay_lair_oklob_chamber
Lair:4:   layout_regular_city, shoals_dummy_entry, hibernation_bobbens
Lair:5:   wander_river, layout_misc_corridors, nicolae_slime_entry_slimehenge,
          ebering_ghost_funeral_grove, chequers_serial_rivers_micro_a,
          serial_bayou_shore_a
Lair:6:   due_jungle_book, layout_small_grid, nicolae_volcano_entry_lava_flow,
          grunt_megastairs_4

Skill      XL: |  1  2  3  4  5  6  7  8  9 10 11 12 13 14 |
---------------+-------------------------------------------+-----
Stealth        | 5 6 7 8 10 12 13 15 | 15.4
Short Blades   | 2 3 4 5 7 8 10 | 10.0
Spellcasting   | 3 4 6 7 9 10 | 10.8
Ice Magic      | 2 3 4 5 7 8 |  8.1
Hexes          | 4 5 7 8 10 | 10.0
Fighting       | 1 3 5 6 8 10 | 10.0
Dodging        | 4 6 8 11 15 | 15.0
Conjurations   | 2 4 |  4.5
Fire Magic     | 2 |  2.1

Action                   |  1- 3 |  4- 6 |  7- 9 | 10-12 | 13-15 || total
-------------------------+-------+-------+-------+-------+-------++-------
Melee: Dagger            |   147 |   216 |   249 |   523 |   433 ||  1568
       Morningstar       |       |       |    49 |    47 |       ||    96
       Scimitar          |       |       |       |    13 |    72 ||    85
Throw: Dart              |       |       |       |       |     9 ||     9
 Cast: Ensorcelled Hiber |    10 |    12 |    28 |   170 |   229 ||   449
       Corona            |       |     2 |       |       |       ||     2
       Magic Dart        |       |       |       |       |     6 ||     6
Invok: Shadow Step       |       |       |       |       |     1 ||     1
Evoke: Wand              |       |       |       |     4 |    16 ||    20
  Use: Scroll            |     3 |     3 |     3 |     9 |    13 ||    31
       Potion            |       |       |       |     1 |     6 ||     7
 Stab: Sleeping          |    14 |    26 |    31 |   143 |   160 ||   374
       Distracted        |       |       |     1 |     3 |     5 ||     9
       Paralysed         |       |       |       |     2 |     1 ||     3
Armor: Robe              |    10 |     7 |    19 |    19 |    46 ||   101
Dodge: Dodged            |   109 |   143 |   365 |   610 |   624 ||  1851
       Rpst.: Scimitar   |       |       |       |     7 |    41 ||    48

Table legend: (Time is in decaauts)
 A = Elapsed time spent in this place.
 B = Non-inter-level travel time spent in this place.
 C = Inter-level travel time spent in this place.
 D = Time resting spent in this place.
 E = Time spent auto-exploring this place.
 F = Levels seen in this place.
 G = Mean time per level.
                   A        B        C        D        E       F      G
               +--------+--------+--------+--------+--------+-----+--------+
         Total |  26311 |  25442 |    869 |  11001 |   8090 |  21 | 1252.9 |
       Dungeon |  19142 |  18493 |    649 |   8680 |   5545 |  14 | 1367.3 |
        Temple |    117 |    104 |     13 |      0 |    102 |   1 |  117.0 |
          Lair |   7051 |   6844 |    207 |   2321 |   2442 |   6 | 1175.2 |
               +--------+--------+--------+--------+--------+-----+--------+

Top non-repeatable levels by time:
    D:10: 2592 daAuts
     D:7: 2253 daAuts
  Lair:6: 1999 daAuts
     D:9: 1996 daAuts
     D:3: 1838 daAuts
  Lair:5: 1802 daAuts
    D:11: 1644 daAuts
  Lair:2: 1571 daAuts
    D:13: 1556 daAuts
     D:5: 1202 daAuts
     D:4: 1182 daAuts
     D:2: 1096 daAuts
     D:8: 1065 daAuts
     D:6: 864 daAuts
    D:12: 861 daAuts
